 Dungeon Crawl Stone Soup version 0.32-a0-893-gf85d74f360 (webtiles) character file.

Game seed: 896437289134172802

331 spaghetti the Grave Robber (level 6, 0/53 HPs)
             Began as an Oni Necromancer on Apr 3, 2024.
             Killed by divine providence
             ... invoked by an orc priest
              (16 damage)
             ... on level 4 of the Dungeon.
             The game lasted 00:07:25 (4031 turns).

spaghetti the Grave Robber (Oni Necromancer)        Turns: 4031, Time: 00:07:26

Health: 0/53       AC:  3    Str: 13    XL:     6   Next: 51%
Magic:  0/9        EV:  8    Int: 18    God:
Gold:   181        SH:  0    Dex:  9    Spells: 1/9 levels left

rFire   . . .        k - +0 giant club
rCold   . . .        (shield currently unavailable)
rNeg    . . .        a - +0 robe
rPois   .            (helmet restricted)
rElec   .            (no cloak)
rCorr   .            (gloves unavailable)
SInv    .            (boots unavailable)
Will    .....        (no amulet)
Stlth   +            n - ring of wizardry
HPRegen 0.28/turn    (no ring)
MPRegen 0.11/turn

%: wizardry (x1)
@: no status effects
A: large, unfitting armour, horns 1, tough skin 1, double potion healing,
drunken brawling
a: Convert to Beogh


You were on level 4 of the Dungeon.
You visited 1 branch of the dungeon, and saw 4 of its levels.

You collected 181 gold pieces.

Inventory:

Hand Weapons
 k - a +0 giant club (weapon)
Armour
 a - a +0 robe (worn)
Jewellery
 n - a ring of wizardry (left hand)
Wands
 l - a wand of charming (2)
Scrolls
 g - 7 scrolls of identify {unknown}
 h - a scroll of brand weapon {unknown}
 j - 2 scrolls of blinking {unknown}
 m - a scroll of fear {unknown}
 o - a scroll of enchant weapon {unknown}
Potions
 b - a potion of magic
 c - a potion of invisibility {unknown}
 d - 2 potions of mutation {unknown}
 e - a potion of heal wounds {unknown}
 f - a potion of degeneration {unknown}
 i - a potion of attraction {unknown}
 p - a potion of berserk rage {unknown}
 q - a potion of brilliance {unknown}
 r - a potion of haste {unknown}


   Skills:
 - Level 1.7 Dodging
 - Level 1.4 Stealth
 - Level 2.4 Spellcasting
 + Level 6.9 Necromancy


You had one spell level left.
You knew the following spells:

 Your Spells              Type           Power      Damage    Failure   Level
a - Necrotise             Necr           100%       1d9       1%          1
b - Vampiric Draining     Necr           27%        2d7       1%          3
c - Animate Dead          Necr           27%        N/A       4%          4

Your spell library contained the following spells:

 Spells                   Type           Power      Damage    Failure   Level
 Curse of Agony           Necr           27%        N/A       11%         5


Dungeon Overview and Level Annotations

Branches:
Dungeon (4/15)
 Temple: D:4-7

Altars:
Makhleb
Sif Muna

Shops:
D:3 (


Innate Abilities, Weirdness & Mutations

You are too large for most types of armour.
You have a pair of small horns on your head.
You have tough skin. (AC +1)
You gain doubled healing and magic from potions.
Whenever you drink a healing potion, you attack all around you.


Message History

You closely miss the orc.
The orc is severely wounded.
The orc closely misses you. The orc priest closely misses you.
The orc priest hits your orc zombie with a +0 hand axe.
Your orc zombie is destroyed!
Your orc wizard zombie hits the orc.
The orc priest hits you but does no damage.
The orc priest hits your orc zombie with a +0 hand axe.
The orc hits you with a +0 whip.
Your orc zombie barely misses the orc priest.
Unknown command.
Unknown command.
You closely miss the orc.
The orc is almost dead.
The orc hits you with a +0 whip.
The orc priest hits you with a +0 hand axe.
The orc priest hits your orc zombie with a +0 hand axe.
Your orc wizard zombie closely misses the orc.
Your orc zombie hits the orc priest but does no damage.
Unknown command.
You hit the orc.
You kill the orc!
The orc priest shouts, "Beogh offers mercy even to people such as you.
Join us and be reborn!"
The orc priest hits you with a +0 hand axe!
The orc priest hits your orc zombie with a +0 hand axe.
Your orc zombie is destroyed!
The orc priest hits you with a +0 hand axe.
The orc priest hits your orc wizard zombie with a +0 hand axe.
Unknown command.
Casting: Necrotise (safe; 1% risk of failure)
Confirm with . or Enter, or press ? or * to list all spells.
Aiming: Necrotise (safe; 1% risk of failure)
Press: ? - help, Shift-Dir - straight line, f - orc priest
Aim: an orc priest, wielding a +0 hand axe and wearing a +0 scale mail (ally target, chance to affect: 83%)
The orc priest barely resists.
The orc priest shouts, "Surrender to Beogh and we'll let you live!"
Your orc wizard zombie hits the orc priest but does no damage.
The orc priest invokes the aid of Beogh against you.
Beogh smites you!
You die...

#......). ..## ##.......
#..# ##...... #..#
##...## ##..# ##### ###
##...# #### ....###....#
###..##
......Z..).######.....##
.....[o@.).).<.........#
.............)....###...
...#####.......#### ###.
# ###....##########
####...........
#.#####+####
##.###.....##
##..##.....###
###...#.....###.


You could see an orc priest (ally target) and a friendly orc wizard zombie.

Vanquished Creatures
  A hound (D:4)
  A bombardier beetle (D:4)
  An orc priest (D:3)
  An iguana (D:4)
  Jessica (D:3)
  An orc wizard (D:4)
  4 adders
  5 dart slugs
  10 orcs (D:4)
  10 ball pythons
  8 endoplasms
  5 giant cockroaches
  11 goblins
  7 hobgoblins
  2 jackals (D:4)
  6 quokkas
  3 bats
  2 frilled lizards
  11 kobolds
  6 rats
96 creatures vanquished.

Vanquished Creatures (collateral kills)
  A ribbon worm (D:4)
  A dart slug (D:2)
  An endoplasm (D:1)
  A goblin (D:1)
  A rat (D:2)
5 creatures vanquished.

Vanquished Creatures (others)
  3 orc zombies (D:4)
3 creatures vanquished.

Grand Total: 104 creatures vanquished

Notes
Turn   | Place    | Note
-------+----------+-------------------------------------------
     0 | D:1      | spaghetti the Oni Necromancer began the quest for the Orb.
     0 | D:1      | Reached XP level 1. HP: 16/16 MP: 3/3
   213 | D:1      | Reached skill level 4 in Necromancy
   213 | D:1      | Reached XP level 2. HP: 24/24 MP: 0/5
   723 | D:1      | Reached XP level 3. HP: 31/31 MP: 3/6
  1250 | D:2      | Reached skill level 5 in Necromancy
  1250 | D:2      | Reached XP level 4. HP: 30/39 MP: 0/7
  1670 | D:2      | Found a shimmering blue altar of Sif Muna.
  2052 | D:3      | Found Diyxuk's Weapon Emporium.
  2339 | D:3      | Noticed Jessica
  2346 | D:3      | Killed Jessica
  2347 | D:3      | Reached XP level 5. HP: 45/45 MP: 5/8
  2413 | D:3      | Found a burning altar of Makhleb.
  2413 | D:3      | Noticed a cacodemon
  2720 | D:4      | Reached skill level 6 in Necromancy
  3038 | D:4      | Reached XP level 6. HP: 21/53 MP: 0/9
  3117 | D:4      | Learned a level 3 spell: Vampiric Draining
  3122 | D:4      | Learned a level 4 spell: Animate Dead
  4031 | D:4      | Killed from afar by an orc priest

Illustrated notes

Levels and vault maps discovered:
D:1:      minmay_arrival_glassed_features, layout_basic,
          minmay_misc_feat_more_columns, moated_statue
D:2:      layout_rooms, basic_altar
D:3:      layout_basic, makhleb_altar_promises_db, serial_shops, shop,
          uniq_jessica
D:4:      corexii_shack_village, layout_layer_cave, minmay_quadrilaterals

Skill      XL: |  1  2  3  4  5 |
---------------+----------------+-----
Necromancy     | 4 5 6 |  6.9
Dodging        | |  1.7
Stealth        | |  1.4
Spellcasting   | |  2.4

Action                     |  1- 3 |  4- 6 || total
---------------------------+-------+-------++-------
  Melee: Unarmed           |    12 |       ||    12
         Headbutt          |     2 |     8 ||    10
         Giant club        |       |    51 ||    51
   Cast: Necrotise         |    51 |   111 ||   162
         Animate Dead      |       |     2 ||     2
 Armour: Robe              |    16 |    72 ||    88
  Dodge: Dodged            |     6 |    33 ||    39

Table legend: (Time is in decaauts)
 A = Elapsed time spent in this place.
 B = Non-inter-level travel time spent in this place.
 C = Inter-level travel time spent in this place.
 D = Time resting spent in this place.
 E = Time spent auto-exploring this place.
 F = Levels seen in this place.
 G = Mean time per level.
                   A        B        C        D        E       F      G
               +--------+--------+--------+--------+--------+-----+--------+
         Total |   4061 |   4034 |     27 |    351 |   3140 |   4 | 1015.2 |
       Dungeon |   4061 |   4034 |     27 |    351 |   3140 |   4 | 1015.2 |
               +--------+--------+--------+--------+--------+-----+--------+

Top non-repeatable levels by time:
     D:3: 1329 daAuts
     D:1: 1112 daAuts
     D:4: 1045 daAuts
     D:2: 575 daAuts
